 Dungeon Crawl Stone Soup version 0.25-a0-366-g516bc45ae0 (webtiles) character file.

Game seed: 1796102063756395051, levelgen mode: deterministic

223 Nixze the Stinger (level 5, -10/29 HPs)
             Began as a Deep Elf Venom Mage on Jan 6, 2020.
             Killed from afar by Pikel (23 damage)
             ... with a bolt of acid
             ... on level 4 of the Dungeon.
             The game lasted 00:07:06 (3906 turns).

Nixze the Stinger (Deep Elf Venom Mage)             Turns: 3906, Time: 00:07:07

Health: -10/29     AC:  3    Str:  5    XL:     5   Next: 66%
Magic:  6/12       EV: 12    Int: 21    God:
Gold:   200        SH:  0    Dex: 15    Spells: 2/11 levels left

rFire    . . .     SeeInvis +   o - +2 short sword (venom)
rCold    . . .     Gourm    .   (no shield)
rNeg     . . .     Faith    .   p - +0 leather armour
rPois    .         Spirit   .   (no helmet)
rElec    .         Reflect  .   (no cloak)
rCorr    .         Harm     .   (no gloves)
MR       .....                  (no boots)
Stlth    ++........             e - amulet of magic regeneration
HPRegen  0.09/turn              b - ring of see invisible
MPRegen  0.38/turn              (no ring)

@: very slightly contaminated
A: no striking features
a: no special abilities


You were on level 4 of the Dungeon.
You were not hungry.

You visited 1 branch of the dungeon, and saw 4 of its levels.

You collected 200 gold pieces.

Inventory:

Hand Weapons
 o - a +2 short sword of venom (weapon)
Missiles
 g - 154 stones (quivered)
Armour
 p - a +0 leather armour (worn)
Jewellery
 b - a ring of see invisible (left hand)
 e - an amulet of magic regeneration (around neck)
Wands
 r - a wand of paralysis (5)
Scrolls
 a - a scroll of enchant armour {unknown}
 i - a scroll of fear {unknown}
 k - a scroll of identify
 m - a scroll of remove curse {unknown}
 n - 2 scrolls of teleportation
Potions
 d - 4 potions of curing
 f - a potion of agility
 h - 2 potions of flight {unknown}
 j - 2 potions of lignification {unknown}
 q - a potion of berserk rage {unknown}
Comestibles
 c - 12 rations
 l - a chunk of flesh


   Skills:
 + Level 1.0 Fighting
 - Level 2.4 Dodging
 - Level 2.4 Stealth
 + Level 3.5 Spellcasting
 + Level 1.4 Conjurations
 - Level 1.1 Transmutations
 + Level 1.3 Fire Magic
 - Level 3.0 Air Magic
 - Level 5.0 Poison Magic


You had 2 spell levels left.
You knew the following spells:

 Your Spells              Type           Power        Failure   Level  Hunger
a - Sting                 Tmut/Pois      ###.         6%          1    None
b - Poisonous Vapours     Pois/Air       ###...       6%          2    ##.....
c - Mephitic Cloud        Conj/Pois/Air  ###.....     17%         3    ###....
d - Ignite Poison         Fire/Tmut/Pois ##......     22%         3    ###....

Your spell library contained the following spells:

 Spells                   Type           Power        Failure   Level  Hunger
 Olgreb's Toxic Radiance  Pois           ###.....     26%         4    ####...


Dungeon Overview and Level Annotations

Branches:
Dungeon (4/15)
 Temple: D:4-7

Altars:
Ashenzari
Hepliaklqana
Kikubaaqudgha
Nemelex Xobeh
Xom

Annotations:
D:4 Pikel


Message History

Pikel is poisoned.
Casting: Poisonous Vapours (safe; 6% risk of failure)
Confirm with . or Enter, or press ? or * to list all spells.
Aiming: Poisonous Vapours (safe; 6% risk of failure)
Press: ? - help, Dir - move target cursor, f/p - Pikel
Aim: Pikel, wielding a +2 whip of freezing, wearing a +0 robe and carrying a wand of acid (5) (lightly wounded, poisoned) Poisonous vapours surround Pikel!
Pikel is engulfed in poison gas.
Pikel looks even sicker.
Pikel cracks his whip.
Casting: Poisonous Vapours (safe; 6% risk of failure)
Confirm with . or Enter, or press ? or * to list all spells.
Aiming: Mephitic Cloud (safe; 17% risk of failure)
Press: ? - help, Shift-Dir - straight line, p - Pikel The ball explodes into a vile cloud!
The stinking cloud engulfs Pikel but does no damage.
Pikel is lightly wounded.
You hear a shout!
Pikel zaps a wand.
The bolt of acid hits you!!
Ouch! That really hurt!
You die...

##........###...
#...........#... .
#........☼☼...##..
#.........§K...Z.
#...#...☼.☼....
##...........#
#...........#
##....@.....#
#.....÷....##
#..........#
#....#......#
##.........##
#.........#
#.........#
#.........#
#...##.....


You could see Pikel.

Vanquished Creatures
  A slave (D:4)
  A hound (D:4)
  A howler monkey skeleton (D:4)
  10 adders
  3 worms
  2 dart slugs
  A leopard gecko (D:2)
  4 orcs (D:3)
  3 ball pythons
  5 bats
  4 giant cockroaches
  9 hobgoblins
  9 jackals
  3 quokkas
  7 goblins
  6 kobolds
  6 rats
75 creatures vanquished.

Notes
Turn   | Place    | Note
-------+----------+-------------------------------------------
     0 | D:1      | Nixze the Deep Elf Venom Mage began the quest for the Orb.
     0 | D:1      | Reached XP level 1. HP: 10/10 MP: 6/6
   267 | D:1      | Reached XP level 2. HP: 15/15 MP: 2/8
   318 | D:1      | Reached skill level 4 in Poison Magic
   340 | D:1      | Learned a level 2 spell: Poisonous Vapours
   970 | D:2      | Reached XP level 3. HP: 19/19 MP: 3/9
  1003 | D:2      | Reached skill level 1 in Air Magic
  1538 | D:2      | Reached XP level 4. HP: 11/24 MP: 0/10
  1815 | D:2      | Reached skill level 5 in Poison Magic
  2209 | D:2      | Found an ancient bone altar of Kikubaaqudgha.
  2335 | D:2      | Found a blossoming altar of Fedhas.
  2337 | D:2      | Found an ancient bone altar of Kikubaaqudgha.
  2337 | D:2      | Found a sparkling altar of Nemelex Xobeh.
  2339 | D:2      | Found a shimmering altar of Xom.
  2339 | D:2      | Found an ancient bone altar of Kikubaaqudgha.
  2339 | D:2      | Found a shattered altar of Ashenzari.
  2601 | D:3      | Found a hazy altar of Hepliaklqana.
  2916 | D:3      | Learned a level 3 spell: Mephitic Cloud
  2946 | D:3      | Learned a level 3 spell: Ignite Poison
  3257 | D:3      | Reached XP level 5. HP: 27/28 MP: 5/11
  3545 | D:3      | Reached skill level 1 in Conjurations
  3746 | D:4      | Reached skill level 1 in Fire Magic
  3826 | D:4      | Noticed a slave
  3827 | D:4      | Noticed a slave
  3842 | D:4      | Killed a slave
  3896 | D:4      | Reached skill level 1 in Fighting
  3903 | D:4      | Noticed Pikel
  3906 | D:4      | Killed from afar by Pikel

Levels and vault maps discovered:
D:1:      kennysheep_arrival_forest, layout_rooms
D:2:      layout_loops_ring, doesnt_xom_only_xom, lemuel_doored_altar,
          first_ration
D:3:      layout_basic, overflow_temple_1_default, chequers_arboretum,
          saegor_snake_ambush
D:4:      layout_cave_pools, kennysheep_slug_shrine, lemuel_crystal_altar,
          evilmike_ruin_ashenzari, minmay_temple_entry_mini_moons, uniq_pikel,
          uniq_eustachio

Skill      XL: |  1  2  3  4  5 |
---------------+----------------+-----
Poison Magic   | 4 5 |  5.0
Air Magic      | 1 3 |  3.0
Conjurations   | 1 |  1.4
Fire Magic     | 1 |  1.3
Fighting       | 1 |  1.0
Dodging        | |  2.4
Stealth        | |  2.4
Spellcasting   | |  3.5
Transmutations | |  1.1

Action                   |  1- 3 |  4- 6 || total
-------------------------+-------+-------++-------
Melee: Short sword       |    12 |    41 ||    53
 Cast: Sting             |    30 |     1 ||    31
       Poisonous Vapours |    31 |    64 ||    95
       Mephitic Cloud    |       |     2 ||     2
  Use: Scroll            |       |     3 ||     3
  Eat: Chunk             |     3 |    10 ||    13
Armor: Robe              |     3 |       ||     3
       Leather armour    |       |     4 ||     4
Dodge: Dodged            |    14 |    22 ||    36

Table legend:
 A = Non-vault XP
 B = Vault XP
 C = Vault XP percentage of total XP
 D = Non-vault monster count
 E = Vault monster count
 F = Vault count percentage of total count
                 A         B        C        D         E       F
            +---------+---------+-------+---------+---------+-------
      Total |     303 |      16 |   5.0 |      71 |       3 |   4.1
            +---------+---------+-------+---------+---------+-------
        D:1 |      28 |       0 |   0.0 |      17 |       0 |   0.0
        D:2 |      95 |       0 |   0.0 |      24 |       0 |   0.0
        D:3 |     119 |      16 |  11.9 |      28 |       3 |   9.7
        D:4 |      61 |       0 |   0.0 |       2 |       0 |   0.0
            +---------+---------+-------+---------+---------+-------
